 Dungeon Crawl Stone Soup version 0.21.1-1-g345015f (webtiles) character file.

10798 sipior the Basher (level 11, -6/71 HPs)
             Began as a Gargoyle Fighter on June 5, 2018.
             Mangled by a large abomination (24 damage)
             ... on level 2 of the Abyss on June 6, 2018.
             The game lasted 01:28:33 (11570 turns).

sipior the Basher (Gargoyle Fighter)               Turns: 11570, Time: 01:28:33

Health: -6/71      AC: 27    Str: 21    XL:     11   Next: 67%
Magic:  11/11      EV: 14    Int:  8    God:
Gold:   405        SH: 12    Dex: 12    Spells: 10/10 levels left

rFire    . . .     SeeInvis .   a - +3 flail
rCold    . . .     Gourm    .   c - +0 shield
rNeg     + . .     Faith    .   p - +0 plate armour
rPois    ∞         Spirit   .   (no helmet)
rElec    +         Reflect  .   (no cloak)
rCorr    .         Harm     .   E - +0 pair of gloves
MR       .....                  (no boots)
Stlth    ..........             (no amulet)
HPRegen  0.21/turn              h - +3 ring of protection
MPRegen  0.12/turn              C - ring of Phasing {EV+8}

@: silenced
A: blurry vision 1, negative energy resistance 1, electricity resistance,
unbreathing, petrification resistance, rot immunity, subdued magic 1, MP-powered
wands, AC +8
a: no special abilities


You were on level 2 of the Abyss.
You were not hungry.

You visited 1 branch of the dungeon, and saw 9 of its levels.
You visited the Abyss 1 time.
You also visited: Ossuary.

You collected 405 gold pieces.

Inventory:

Hand Weapons
 a - a +3 flail (weapon)
 x - a +2 dagger of holy wrath
 B - a +1 whip of flaming
Missiles
 n - 14 tomahawks of returning (quivered)
 G - 5 needles of paralysis
Armour
 c - a +0 shield (worn)
 i - a +0 scale mail
 p - a +0 plate armour (worn)
 E - a +0 pair of gloves (worn)
Magical Staves
 t - an uncursed staff of poison
Jewellery
 h - a +3 ring of protection (left hand)
 u - an uncursed ring of wizardry
 C - the ring of Phasing (right hand) {EV+8}
   (You took it off a centaur warrior on level 9 of the Dungeon)

   [ring of evasion]

   It affects your evasion (+8).
Wands
 e - a wand of digging (12)
 y - a wand of iceblast (7)
 F - a wand of acid (5)
 H - a wand of scattershot (6)
Scrolls
 b - a scroll of magic mapping {unknown}
 l - a scroll of noise {unknown}
 v - a scroll of remove curse
 A - a scroll of enchant armour {unknown}
 D - a scroll of amnesia
 I - a scroll of immolation {unknown}
Potions
 g - 2 potions of resistance
 j - 5 potions of curing
 k - a potion of flight {unknown}
 m - a potion of agility {unknown}
 o - 4 potions of mutation
 q - 3 potions of ambrosia
 r - a potion of cancellation
 s - 3 potions of lignification
 z - 2 potions of brilliance
Books
 w - the Papyrus of Attacks
   (You found it on level 4 of the Dungeon)

   Spells                             Type                      Level
   a - Conjure Flame                  Conjuration/Fire             3
   b - Fireball                       Conjuration/Fire             5
   c - Bolt of Cold                   Conjuration/Ice              6
   d - Freezing Cloud                 Conjuration/Ice/Air          6
Comestibles
 f - 9 rations


   Skills:
 + Level 9.4 Fighting
 * Level 11.4 Maces & Flails
 + Level 10.5 Armour
 - Level 1.0 Stealth
 + Level 10.5 Shields


You had 10 spell levels left.
You didn't know any spells.

Dungeon Overview and Level Annotations

Branches:
Dungeon (9/15)             Temple (0/1) D:7
   Lair: D:8-11         Orc: D:9-12

Altars:
Dithmenos

Shops:
D:4 }

Annotations:
D:3 magic mace center room, tidbits's ghost, novice GnEn
D:4 Edmund
D:5 Eustachio


Innate Abilities, Weirdness & Mutations

You are resistant to torment.
Your stone body is resilient. (AC +8)
You are immune to poison.
You resist negative energy. (rN+)
You are resistant to electric shocks. (rElec)
You can survive without breathing.
You are immune to petrification.
You are immune to rotting.
Scrolls take you a little longer to read.
Your spells are a little easier to cast, but a little less powerful.
You expend magic power (3 MP) to strengthen your wands.


Message History

You sock the large abomination!
The large abomination is moderately damaged.
You block the large abomination's attack.
You completely miss the large abomination.
The large abomination is moderately damaged.
You sock the large abomination!
The large abomination is severely damaged.
The large abomination hits you but does no damage.
You hit the large abomination but do no damage.
The large abomination is severely damaged.
You block the large abomination's attack.
You sock the large abomination!
The large abomination is almost destroyed.
Your shield and plate armour prevent you from hitting the large abomination.
The large abomination is almost destroyed.
The large abomination misses you.
You hit the large abomination but do no damage.
The large abomination is almost destroyed.
The large abomination hits you!!
You die...

#. .#3
..##
##.##.
. #..#.
#
#....#
. #
#....#
.###X.#
##@#..#
#.#X###
##.##
###


You could see a large abomination.

Vanquished Creatures
  A centaur warrior (D:9)
  4 two-headed ogres (D:8)
  Pikel (D:6)
  A smoke demon (Abyss:2)
  3 ancient zymes (Abyss:2)
  The ghost of diana the Chopper, an amateur MiFi (D:4)
  A troll (D:9)
  Grinder (D:4)
  A hippogriff (D:9)
  A shadow (D:9)
  3 yaks (D:9)
  A wyvern (D:7)
  A vampire mosquito (D:8)
  A neqoxec (Abyss:2)
  A hungry ghost (D:7)
  Menkaure (D:6)
  A water moccasin (D:9)
  A slave (D:6)
  2 black bears
  A phantom (D:8)
  6 ice beasts
  An orc warrior (D:9)
  2 small abominations (Abyss:2)
  3 ogres
  5 centaurs
  An elf zombie (Ossuary)
  4 bullfrogs
  5 killer bees
  A wight (D:9)
  3 howler monkeys
  A centaur zombie (D:8)
  3 crimson imps
  2 orc priests
  A quasit (D:7)
  4 hounds
  A centaur skeleton (D:7)
  2 jellies
  A human zombie (Ossuary)
  Crazy Yiuf (D:3)
  8 orc wizards
  A bullfrog skeleton (D:6)
  Jessica (D:3)
  5 iguanas
  5 worker ants
  2 hound zombies
  4 mummies
  2 worker ant zombies
  10 adders
  8 gnolls
  A shadow imp (D:6)
  3 adder zombies (Ossuary)
  4 worms
  6 dart slugs
  5 leopard geckos
  36 orcs
  10 bats
  7 giant cockroaches
  5 goblins
  8 hobgoblins
  12 jackals
  2 quokkas
  A ball python (D:7)
  8 frilled lizards
  A goblin zombie (Ossuary)
  4 hobgoblin zombies (Ossuary)
  6 kobolds
  4 kobold zombies (Ossuary)
  A leopard gecko skeleton (D:4)
  2 quokka zombies (Ossuary)
  9 rats
  2 rat zombies (Ossuary)
258 creatures vanquished.

Vanquished Creatures (others)
  2 slaves (D:6)
  A leopard gecko (D:6)
3 creatures vanquished.

Grand Total: 261 creatures vanquished

Notes
Turn   | Place    | Note
-------+----------+-------------------------------------------
     0 | D:1      | sipior the Gargoyle Fighter began the quest for the Orb.
     0 | D:1      | Reached XP level 1. HP: 14/14 MP: 1/1
    80 | D:1      | Reached XP level 2. HP: 19/19 MP: 2/2
   292 | D:1      | Reached skill level 1 in Stealth
   454 | D:2      | Reached XP level 3. HP: 23/23 MP: 3/3
   746 | D:2      | Reached XP level 4. HP: 29/29 MP: 4/4
  1134 | D:3      | Reached skill level 3 in Maces & Flails
  1707 | D:3      | Noticed Jessica
  1710 | D:3      | Killed Jessica
  1710 | D:3      | Reached XP level 5. HP: 32/33 MP: 5/5
  2205 | D:3      | Found a runed door.
  2209 | D:3      | Noticed Crazy Yiuf
  2209 | D:3      | Noticed tidbits's ghost (novice GnEn)
  2230 | D:3      | Killed Crazy Yiuf
  2252 | D:3      | Reached skill level 7 in Maces & Flails
  2252 | D:3      | Reached XP level 6. HP: 42/42 MP: 6/6
  2739 | D:3      | Reached XP level 7. HP: 47/47 MP: 7/7
  2800 | D:4      | Noticed diana's ghost (amateur MiFi)
  2821 | D:4      | Noticed Edmund
  2823 | D:4      | Noticed Grinder
  2823 | D:4      | Found a sand-covered staircase.
  2957 | Ossuary  | Entered an ossuary
  3991 | D:4      | Found Hocug's Gadget Shop.
  4177 | D:4      | Identified the Papyrus of Attacks
  4224 | D:4      | Killed diana's ghost
  4224 | D:4      | Reached skill level 8 in Maces & Flails
  4224 | D:4      | Reached XP level 8. HP: 52/52 MP: 8/8
  4415 | D:4      | Killed Grinder
  4531 | D:5      | Entered Level 5 of the Dungeon
  5551 | D:6      | Noticed Eustachio
  5648 | D:6      | Reached XP level 9. HP: 57/57 MP: 9/9
  6101 | D:6      | Noticed Pikel
  6122 | D:6      | Killed Pikel
  6122 | D:6      | Reached skill level 9 in Maces & Flails
  6279 | D:6      | Found a shadowy altar of Dithmenos.
  6280 | D:6      | Noticed Menkaure
  6302 | D:6      | Killed Menkaure
  7078 | D:7      | Found a staircase to the Ecumenical Temple.
  7257 | D:7      | Reached XP level 10. HP: 57/64 MP: 10/10
  7928 | D:7      | Noticed a kobold demonologist
  7988 | D:7      | Noticed a rust devil
  8207 | D:8      | Noticed a two-headed ogre
  8616 | D:8      | Killed a two-headed ogre
  8616 | D:8      | Reached skill level 10 in Maces & Flails
  9058 | D:8      | Noticed a two-headed ogre
  9097 | D:8      | Killed a two-headed ogre
  9745 | D:9      | Noticed a two-headed ogre
  9923 | D:9      | Noticed a two-headed ogre
  9942 | D:8      | Killed a two-headed ogre
  9942 | D:8      | Reached skill level 10 in Armour
  9942 | D:8      | Reached XP level 11. HP: 44/69 MP: 11/11
 10193 | D:7      | Reached skill level 10 in Shields
 10384 | D:8      | Killed a two-headed ogre
 10579 | D:9      | Noticed a centaur warrior
 10601 | D:9      | Killed a centaur warrior
 10776 | D:9      | Reached skill level 11 in Maces & Flails
 11086 | D:9      | Noticed a centaur warrior
 11112 | D:9      | Cast into level 2 of the Abyss (centaur warrior)
 11112 | Abyss:2  | Found a shimmering altar of Xom.
 11242 | Abyss:2  | Noticed a large abomination
 11281 | Abyss:2  | Noticed a starcursed mass
 11319 | Abyss:2  | Noticed a thrashing horror
 11326 | Abyss:2  | Found a corrupted altar of Lugonu.
 11431 | Abyss:2  | HP: 3/71 [ancient zyme (3)]
 11552 | Abyss:2  | Gained mutation: Scrolls take you a little longer to read. [a neqoxec]
 11555 | Abyss:2  | Gained mutation: Your spells are a little easier to cast, but a little less powerful. [a neqoxec]
 11557 | Abyss:2  | Gained mutation: You expend magic power (3 MP) to strengthen your wands. [a neqoxec]
 11570 | Abyss:2  | Mangled by a large abomination

Skill      XL: |  1  2  3  4  5  6  7  8  9 10 11 |
---------------+----------------------------------+-----
Stealth        | 1 |  1.0
Maces & Flails | 3 7 8 9 10 11 | 11.4
Armour         | 4 8 9 10 | 10.5
Fighting       | 4 6 7 8 9 |  9.4
Shields        | 4 8 9 10 | 10.5

Action                   |  1- 3 |  4- 6 |  7- 9 | 10-12 || total
-------------------------+-------+-------+-------+-------++-------
Melee: Flail             |   116 |   237 |   497 |   509 ||  1359
Throw: Tomahawk          |       |       |     5 |    12 ||    17
Evoke: Wand              |       |       |     1 |     5 ||     6
  Use: Scroll            |     2 |     7 |     6 |     7 ||    22
       Potion            |       |     4 |     2 |     3 ||     9
  Eat: Chunk             |       |     5 |    13 |    11 ||    29
       Ration            |       |       |     1 |     3 ||     4
Armor: Scale mail        |    62 |     4 |       |       ||    66
       Plate armour      |       |   168 |   298 |   285 ||   751
       Skin              |       |    20 |       |       ||    20
Dodge: Dodged            |    42 |    35 |    72 |   132 ||   281
Block: Shield            |    61 |   120 |   294 |   322 ||   797
